 Dungeon Crawl Stone Soup version 0.29.1-2-gbd0b4ee654 (webtiles) character file.

Game seed: 4821911146872127678

5004 nshep25 the Cleaver (level 10, -2/86 HPs)
             Began as a Minotaur Fighter on Nov 4, 2022.
             Was an Initiate of Gozag.
             Slain by a troll (12 damage)
             ... on level 8 of the Dungeon.
             The game lasted 00:18:25 (7023 turns).

nshep25 the Cleaver (Minotaur Fighter)              Turns: 7023, Time: 00:18:28

Health: -2/86      AC: 10    Str: 24    XL:     10   Next: 29%
Magic:  9/9        EV: 12    Int:  9    God:    Gozag
Gold:   593        SH:  0    Dex: 17    Spells: 9/9 levels left

rFire   . . .      SeeInvis .   z - +7 battleaxe of the Insatiable Youths {holy, Int+4}
rCold   . . .      Faith    .   (shield currently unavailable)
rNeg    . . .      Spirit   .   w - +0 ring mail "Dumum" {Dex+6}
rPois   .          Reflect  .   (helmet restricted)
rElec   .          Harm     .   (no cloak)
rCorr   +          Rampage  .   h - +1 pair of gloves
Will    +....                   p - +0 pair of boots
Stlth   +.........              y - amulet of regeneration
HPRegen 1.04/turn               m - ring of resist corrosion
MPRegen 0.11/turn               t - ring of willpower

@: gold aura
A: horns 2, retaliatory headbutt
a: Renounce Religion, Potion Petition, Call Merchant, Bribe Branch


You were on level 8 of the Dungeon.
You worshipped Gozag.
Gozag was pleased with you.
You visited 2 branches of the dungeon, and saw 9 of its levels.
You also visited: Sewer.

You collected 748 gold pieces.
You paid 155 gold pieces to Gozag.

Inventory:

Hand Weapons
 a - a +1 war axe
 z - the +7 battleaxe of the Insatiable Youths (weapon) {holy, Int+4}
   (You found it on level 4 of the Dungeon)

   It has been blessed by the Shining One to cause great damage to the undead
   and demons.
   Int:       It affects your intelligence (+4).
Missiles
 s - 2 boomerangs (quivered)
Armour
 b - a +0 scale mail
 c - a +0 buckler
 h - a +1 pair of gloves (worn)
 p - a +0 pair of boots (worn)
 r - a +0 tower shield
 w - the +0 ring mail "Dumum" (worn) {Dex+6}
   (You found it on level 7 of the Dungeon)

   Dex:       It affects your dexterity (+6).
Jewellery
 k - an amulet of faith
 l - an amulet of guardian spirit
 m - a ring of resist corrosion (left hand)
 t - a ring of willpower (right hand)
 u - a ring of flight
 y - an amulet of regeneration (around neck)
 H - a ring of see invisible
Wands
 G - a wand of polymorph (4)
Scrolls
 e - 4 scrolls of teleportation
 j - a scroll of identify
 n - 2 scrolls of fear
 q - 3 scrolls of enchant weapon
 v - 3 scrolls of blinking
 A - a scroll of brand weapon {unknown}
Potions
 d - 2 potions of might
 f - 2 potions of cancellation {unknown}
 g - 2 potions of invisibility
 i - a potion of attraction {unknown}
 o - a potion of brilliance {unknown}
 x - 4 potions of curing
 B - 4 potions of haste {unknown}
 D - 2 potions of magic
 E - 2 potions of mutation {unknown}
 J - a potion of flight {unknown}
Miscellaneous
 I - a phantom mirror (inert)


   Skills:
 + Level 7.3 Fighting
 * Level 14.4 Axes
 + Level 0.9 Throwing
 + Level 7.8 Armour
 + Level 3.0 Dodging
 + Level 1.6 Stealth
 + Level 5.0 Shields


You had 9 spell levels left.
You didn't know any spells.
Your spell library contained the following spells:

 Spells                   Type           Power      Damage    Failure   Level
 Beastly Appendage        Tmut           0%         N/A       52%         1
 Sting                    Tmut/Pois      0%         1d3       52%         1
 Poisonous Vapours        Pois/Air       0%         N/A       65%         2
 Wereblood                Tmut           0%         N/A       65%         2
 Inner Flame              Hex/Fire       0%         N/A       87%         3
 Spider Form              Tmut/Pois      0%         N/A       87%         3
 Summon Guardian Golem    Hex/Summ       0%         N/A       87%         3
 Cause Fear               Hex            0%         N/A       99%         4
 Fulminant Prism          Conj/Hex       0%         3d6       99%         4
 Iskenderun's Mystic Bla  Conj/Tloc      0%         2d3       99%         4
 Olgreb's Toxic Radiance  Pois           0%         N/A       99%         4
 Lee's Rapid Deconstruct  Erth           0%         3d5*      100%        5
 Haunt                    Necr/Summ      0%         N/A       100%        7
 Orb of Destruction       Conj           0%         9d5       100%        7
 Spellforged Servitor     Conj/Summ      0%         N/A       100%        7
 Discord                  Hex            0%         N/A       100%        8
 Infestation              Necr           0%         N/A       100%        8
 Animate Dead             Necr           Unusable   N/A       N/A         4

Dungeon Overview and Level Annotations

Branches:
Dungeon (8/15)             Temple (1/1) D:6           Sewer (visited)
   Lair: D:8-11

Altars:
Ashenzari
Cheibriados
Dithmenos
Elyvilon
Fedhas
Gozag
Hepliaklqana
Kikubaaqudgha
Makhleb
Nemelex Xobeh
Ru
Sif Muna
Vehumet
Wu Jian
Yredelemnul
Zin

Shops:
D:5 [


Innate Abilities, Weirdness & Mutations

You have a pair of horns on your head.
You reflexively headbutt those who attack you in melee.


Message History

The troll claws you but does no damage. The troll bites you but does no damage.
The troll barely misses you. The troll claws you!
* * * LOW HITPOINT WARNING * * *
The gnoll bouda barely misses you.
Your manticore barely misses the manticore.
Your manticore claws the manticore.
Your manticore claws the manticore!
The bullfrog hits you.
* * * LOW HITPOINT WARNING * * *
You feel much better. The bullfrog hits you. The manticore bites you!
* * * LOW HITPOINT WARNING * * *
The manticore barely misses you. The manticore closely misses you.
The troll closely misses you. You furiously retaliate!
You headbutt the troll, but do no damage.
The troll claws you but does no damage. x2
The gnoll bouda hits you with a +0 club.
* * * LOW HITPOINT WARNING * * *
The troll bites you but does no damage. The troll barely misses you. x2
Your manticore bites the manticore!
Your manticore barely misses the manticore.
Your manticore claws the manticore but does no damage.
The bullfrog releases a deep croak.
The gnoll bouda attacks as you move away!
The gnoll bouda hits you but does no damage.
The troll attacks as you move away! The troll misses you.
You furiously retaliate!
You headbutt the troll. The troll barely misses you. The troll claws you!
* * * LOW HITPOINT WARNING * * *
A shadow imp comes into view.
The bullfrog barely misses your manticore.
The manticore bites your manticore!!
The manticore barely misses your manticore.
The manticore claws your manticore!
Your manticore bites the manticore!
The manticore dies!
The bullfrog barely misses your manticore.
Your Dodging skill increases to level 3!
You feel better.
Your manticore shimmers and vanishes!
The troll bites you!
You die...
Your body crumbles into a pile of gold.

.......................
....................#..
.....#............#...
.....##.##.......#...#
#....#.###.......#...
#$$..#.##..$5.....#.. #
#<$..#.....F$O.......
....#.$.5.)##FyTz........
..<............@Tg.$......$
..$..####$#)....!.......##
##### #...#..........##
###)#)........##
#)).##....### #..)........#
#............#
#.#......?...#
#.#...........


You could see a two-headed ogre, 2 trolls, 2 bullfrogs, a gnoll bouda, a killer
bee, a wight, a white imp and a shadow imp (wandering).

Vanquished Creatures
  A two-headed ogre (D:7)
  The ghost of qeuew the Shooter, a novice SpHu of Dithmenos (D:5)
  A hornet (D:6)
  A wyvern (D:8)
  A water moccasin (D:8)
  Pargi (Sewer)
  A sky beast (D:6)
  2 black bears
  3 ogres
  2 centaurs
  Blork the orc (D:4)
  4 necrophages
  7 bullfrogs
  3 wyvern zombies (D:7)
  A water moccasin zombie (D:7)
  4 scorpions
  5 wights (D:8)
  A killer bee (D:8)
  A howler monkey (D:7)
  A centaur zombie (D:7)
  2 hounds
  3 jellies
  4 orc priests
  A gnoll bouda (D:5)
  4 iguanas
  11 orc wizards
  2 killer bee zombies (D:7)
  8 gnolls
  13 adders
  A white imp (D:8)
  A worm (D:2)
  A dart slug (D:1)
  21 orcs
  6 ball pythons
  7 endoplasms
  2 giant cockroaches (D:1)
  9 hobgoblins
  3 jackals (D:2)
  5 quokkas
  4 bats
  5 goblins
  6 kobolds
  4 rats
165 creatures vanquished.

Vanquished Creatures (collateral kills)
  A manticore (D:8)
1 creature vanquished.

Grand Total: 166 creatures vanquished

Notes
Turn   | Place    | Note
-------+----------+-------------------------------------------
     0 | D:1      | nshep25 the Minotaur Fighter began the quest for the Orb.
     0 | D:1      | Reached XP level 1. HP: 19/19 MP: 0/0
   510 | D:1      | Reached XP level 2. HP: 27/27 MP: 1/1
  1200 | D:2      | Reached skill level 3 in Axes
  1266 | D:2      | Reached XP level 3. HP: 18/33 MP: 2/2
  1541 | D:2      | Reached XP level 4. HP: 40/40 MP: 3/3
  1569 | D:2      | Found a blossoming altar of Fedhas.
  1883 | D:2      | Reached skill level 4 in Axes
  2605 | D:3      | Found a faded altar of an unknown god.
  2650 | D:3      | Reached XP level 5. HP: 46/47 MP: 4/4
  3290 | D:4      | Identified the -1 cloak "Harucouk" {rN++ Will+ Str-3}
  3476 | D:4      | Identified the +7 battleaxe of the Insatiable Youths {holy,
                  | Int+4}
  3547 | D:4      | Reached skill level 5 in Axes
  3547 | D:4      | Reached XP level 6. HP: 53/53 MP: 5/5
  3596 | D:4      | Noticed Blork the orc
  3604 | D:4      | Killed Blork the orc
  3605 | D:4      | Reached skill level 1 in Dodging
  4003 | D:5      | Entered Level 5 of the Dungeon
  4009 | D:5      | Reached skill level 5 in Armour
  4009 | D:5      | Reached skill level 5 in Shields
  4017 | D:5      | Reached skill level 6 in Axes
  4028 | D:4      | Reached XP level 7. HP: 10/60 MP: 6/6
  4090 | D:5      | Reached skill level 7 in Axes
  4139 | D:5      | Found Cynimp's Antique Armour Emporium.
  4213 | D:5      | Found a transporter.
  4216 | D:5      | Noticed qeuew's ghost (novice SpHu)
  4309 | D:5      | Found a white marble altar of Elyvilon.
  4452 | D:5      | Found a blossoming altar of Fedhas.
  4476 | D:5      | Found a glowing drain.
  4492 | Sewer    | Entered a sewer
  4558 | Sewer    | Noticed Pargi
  4561 | Sewer    | Killed Pargi
  4562 | Sewer    | Reached skill level 5 in Fighting
  4562 | Sewer    | Reached skill level 8 in Axes
  4908 | D:5      | Found a transporter.
  5324 | D:5      | Killed qeuew's ghost
  5325 | D:5      | Reached skill level 9 in Axes
  5325 | D:5      | Reached XP level 8. HP: 60/68 MP: 7/7
  5458 | D:6      | Reached skill level 10 in Axes
  5596 | D:7      | Found a burning altar of Makhleb.
  5620 | D:7      | Found a snail-covered altar of Cheibriados.
  5628 | D:7      | Noticed a two-headed ogre
  5635 | D:7      | Killed a two-headed ogre
  5636 | D:7      | Reached skill level 11 in Axes
  5636 | D:7      | Reached XP level 9. HP: 44/78 MP: 8/8
  5830 | D:6      | Found a staircase to the Ecumenical Temple.
  5847 | Temple   | Entered the Ecumenical Temple
  5973 | Temple   | Became a worshipper of Gozag Ym Sagoz the Greedy
  6028 | D:6      | Paralysed by a hornet for 2 turns
  6032 | D:6      | Paralysed by a hornet for 2 turns
  6036 | D:6      | Reached skill level 12 in Axes
  6487 | D:7      | Reached skill level 13 in Axes
  6595 | D:7      | Found a basalt altar of Yredelemnul.
  6612 | D:7      | Identified the +0 ring mail "Dumum" {Dex+6}
  6744 | D:7      | Found a hazy altar of Hepliaklqana.
  6748 | D:7      | Reached skill level 1 in Stealth
  6933 | D:8      | Reached XP level 10. HP: 82/86 MP: 9/9
  7005 | D:8      | Noticed a manticore
  7012 | D:8      | Reached skill level 14 in Axes
  7016 | D:8      | Noticed a two-headed ogre
  7022 | D:8      | HP: 1/86 [troll (8)]
  7022 | D:8      | Killed a manticore
  7023 | D:8      | Slain by a troll

Illustrated notes

Levels and vault maps discovered:
D:1:      elethiomel_arrival_maze, layout_basic, roderic_lattice_a,
          hex_intersection
D:2:      layout_basic, basic_altar, grunt_ministairs_5,
          amcnicky_mini_pool_small, kennysheep_nondescript, st_stairs_13,
          skrybe_limestone_x, minmay_misc_feat_five
D:3:      layout_basic, ebering_ecumenical_altar_mist, minmay_fountain_box
D:4:      layout_loops_corners, uniq_blork_the_orc
D:5:      layout_layer_cave, mainiacjoe_overflow_concentric_impassable,
          overflow_temple_1_default, serial_shops, nicolae_shop_trees,
          portal_sewer_entry_d, gammafunk_ghost_arena
D:6:      layout_rooms, minmay_temple_entry_glassed_door,
          kennysheep_small_square
D:7:      layout_rooms, nicolae_yredelemnul_corpse_copse,
          mainiacjoe_overflow_small_starburst, nicolae_overflow_hidden_temple,
          kennysheep_little_box, minmay_quadrilaterals, uniq_maggie
D:8:      cheibrodos_fzero, layout_rooms, xom_shifter_show,
          gammafunk_ghost_wrathful_warriors, minmay_fractal_squares_gapless_5
Temple:   nicolae_temple_two_arcs

Skill      XL: |  1  2  3  4  5  6  7  8  9 10 |
---------------+-------------------------------+-----
Shields        | 4 5 |  5.0
Fighting       | 4 5 6 7 |  7.3
Axes           | 3 4 5 6 9 11 13 14 | 14.4
Armour         | 4 5 6 7 |  7.8
Dodging        | 1 2 3 |  3.0
Stealth        | 1 |  1.6
Throwing       | |  0.9

Action                   |  1- 3 |  4- 6 |  7- 9 | 10-12 || total
-------------------------+-------+-------+-------+-------++-------
Melee: War axe           |    60 |    65 |       |       ||   125
       Headbutt          |    11 |     6 |    18 |     4 ||    39
       Battleaxe         |       |    26 |   158 |    27 ||   211
Throw: Boomerang         |       |    16 |       |       ||    16
Evoke: Phantom mirror    |       |       |       |     1 ||     1
  Use: Scroll            |       |       |    17 |       ||    17
       Potion            |       |       |       |     4 ||     4
 Stab: Sleeping          |       |       |     1 |       ||     1
       Distracted        |       |       |       |     1 ||     1
Armor: Scale mail        |    31 |    41 |    99 |       ||   171
       Ring mail         |       |       |     5 |    27 ||    32
Dodge: Dodged            |    26 |    35 |    97 |    40 ||   198
Block: Buckler           |    11 |     4 |       |       ||    15
       Tower shield      |       |    52 |       |       ||    52
